 Dungeon Crawl Stone Soup version 0.31-a0-222-gefeffbb62a (webtiles) character file.

Game seed: 17210395849109647682

945 Nietzsche the Cudgeller (level 7, -3/53 HPs)
             Began as a Demonspawn Gladiator on July 5, 2023.
             Splashed by a jelly's acid (12 damage)
             ... on level 6 of the Dungeon.
             The game lasted 00:16:36 (6438 turns).

Nietzsche the Cudgeller (Demonspawn Gladiator)      Turns: 6438, Time: 00:16:41

Health: -3/53      AC: -4    Str: 13    XL:     7   Next: 89%
Magic:  11/11      EV: 13    Int: 11    God:
Gold:   270        SH:  0    Dex: 18    Spells: 12/12 levels left

rFire   . . .        a - +1 flail
rCold   . . .        (no shield)
rNeg    . . .        b - +0 leather armour
rPois   .            (helmet restricted)
rElec   .            (no cloak)
rCorr   .            (no gloves)
SInv    .            (no boots)
Will    .....        v - amulet of the acrobat
Stlth   ++           (no ring)
HPRegen 0.28/turn    (no ring)
MPRegen 0.12/turn

%: acrobat
@: mighty, corroded
A: antennae 1, demonic guardian 1, foul stench 1, agile 1
a: no special abilities


You were on level 6 of the Dungeon.
You visited 1 branch of the dungeon, and saw 6 of its levels.
You also visited: Sewer.

You collected 270 gold pieces.

Inventory:

Hand Weapons
 a - a +1 flail (weapon)
 n - a +0 scythe
Missiles
 d - 3 throwing nets (quivered)
 e - a javelin
Armour
 b - a +0 leather armour (worn)
 c - a +0 helmet
Jewellery
 v - an amulet of the acrobat (around neck)
 A - an amulet of magic regeneration
Wands
 j - a wand of digging (5)
 m - a wand of polymorph (5)
 B - a wand of flame (18)
Scrolls
 i - a scroll of teleportation
 k - 5 scrolls of identify
 o - a scroll of poison {unknown}
 r - a scroll of revelation {unknown}
 s - a scroll of brand weapon {unknown}
 t - a scroll of fear
 u - a scroll of enchant weapon
 x - a scroll of torment {unknown}
 y - a scroll of immolation {unknown}
Potions
 f - 4 potions of haste
 g - 3 potions of lignification
 h - 2 potions of magic
 l - a potion of attraction
 p - a potion of invisibility {unknown}
 q - 4 potions of might
 w - a potion of curing
 z - 2 potions of mutation
 C - a potion of degeneration {unknown}


   Skills:
 + Level 3.8 Fighting
 + Level 5.6 Maces & Flails
 - Level 1.7 Throwing
 + Level 2.8 Armour
 + Level 3.8 Dodging
 + Level 2.0 Stealth
 + Level 0.1 Unarmed Combat
 * Level 3.2 Spellcasting


You had 12 spell levels left.
You didn't know any spells.
Your spell library contained the following spells:

 Spells                   Type           Power      Damage    Failure   Level
 Ensorcelled Hibernation  Hex/Ice        2%         N/A       45%         2
 Passwall                 Tmut/Erth      0%         N/A       45%         2
 Swiftness                Air            1%         N/A       69%         3


Dungeon Overview and Level Annotations

Branches:
Dungeon (6/15)              Sewer (visited)
 Temple: D:4-7

Altars:
Nemelex Xobeh
Okawaru

Shops:
D:1 [


Innate Abilities, Weirdness & Mutations

You have a pair of small antennae on your head.
A weak demonic guardian rushes to your aid.
You may rarely emit foul miasma when damaged in melee.
You are agile. (Dex +4, Str/Int -1)


Message History

Deactivating autopickup; reactivate with Ctrl-A.
You sock the orc!
You kill the orc!
The jelly misses you.
The orc wizard gestures at you while chanting.
You are more confused.
Something hits you. Something hits you but does no damage.
The jelly attacks as you move away! The jelly closely misses you.
Things that are here:
a +0 hand axe; an orc corpse The orc wizard completely misses you.
The orc wizard casts a spell.
The orc wizard flickers and vanishes!
The orc completely misses you.
You closely miss the jelly. The jelly barely misses you. The jelly misses you.
You hit something but do no damage. The jelly misses you. Something hits you.
You bump into the rock wall.
The jelly hits you. The acid corrodes you!
You are splashed with acid.
A demonic guardian appears!
Something hits you.
You hear some strange, mumbled words.
Something tries to affect you, but you resist.
The orc hits you with a +0 dagger.
You're too confused to move!
The jelly barely misses you. Something hits you.
You hear some strange, mumbled words.
Something tries to affect you, but you resist.
The orc hits you with a +0 dagger.
You bump into the rock wall.
You feel less confused.
Your iron imp closely misses the orc.
Something hits you. The jelly hits you.
You are splashed with acid!
* * * LOW HITPOINT WARNING * * *
You emit a cloud of foul miasma!
Something hits you.
* * * LOW HITPOINT WARNING * * *
You emit a cloud of foul miasma!
The orc misses you.
It was a potion of might.
You feel very mighty all of a sudden.
Your iron imp hits the orc!
Something barely misses you.
The jelly is engulfed in dark miasma.
The jelly hits you.
* * * LOW HITPOINT WARNING * * *
A demonic guardian appears!
The acid corrodes you!
You are splashed with acid!
You die...

#..........#
##.........# #
#..........# #
#.........# ##
#...!.....# .###
#....)...## # ...##
##....o.5##..# ....##
#....{Jo.....#
.....###########@{>###..
.........)....5.####
.......#####...##
....#..####...##
...##..#.....##
..####........### .##
##..........## ##
##............##
##..............#


You could see a jelly, 2 orcs, a friendly iron imp (summoned) and a friendly
ufetubus (summoned, wandering).

Vanquished Creatures
  Grinder (D:3)
  Sigmund (D:3)
  The ghost of innerfire43 the Trooper, a weakling DsMo (D:3)
  2 hounds (D:4)
  Jessica (D:2)
  An iguana (D:4)
  Natasha (thrice) (D:3)
  2 orc wizards
  Robin (D:3)
  6 adders
  4 river rats (Sewer)
  A white imp (D:6)
  3 worms
  A dart slug (D:2)
  15 orcs
  10 ball pythons
  10 endoplasms
  7 giant cockroaches
  12 goblins
  11 hobgoblins
  2 jackals (D:1)
  10 kobolds
  4 quokkas
  3 bats
  3 frilled lizards
  13 rats
128 creatures vanquished.

Vanquished Creatures (collateral kills)
  A hound (D:6)
  A river rat (D:3)
  A goblin (D:4)
  A frilled lizard (Sewer)
4 creatures vanquished.

Grand Total: 132 creatures vanquished

Notes
Turn   | Place    | Note
-------+----------+-------------------------------------------
     0 | D:1      | Nietzsche the Demonspawn Gladiator began the quest for the
                  | Orb.
     0 | D:1      | Reached XP level 1. HP: 16/16 MP: 1/1
   389 | D:1      | Gained mutation: You may rarely emit foul miasma when
                  | damaged in melee. [demonic ancestry]
   389 | D:1      | Reached XP level 2. HP: 18/22 MP: 2/2
   702 | D:1      | Reached skill level 3 in Maces & Flails
   793 | D:1      | Found Nacvur's Armour Shop.
  1300 | D:1      | Reached XP level 3. HP: 25/27 MP: 4/4
  1634 | D:2      | Reached skill level 1 in Armour
  1644 | D:2      | Noticed Jessica
  1658 | D:2      | Killed Jessica
  1659 | D:2      | Reached skill level 1 in Spellcasting
  1659 | D:2      | Reached XP level 4. HP: 12/34 MP: 5/5
  2425 | D:3      | Noticed Robin
  2431 | D:3      | Killed Robin
  2438 | D:3      | Noticed Sigmund
  2446 | D:3      | Killed Sigmund
  2447 | D:3      | Reached skill level 4 in Maces & Flails
  2447 | D:3      | Gained mutation: A weak demonic guardian rushes to your
                  | aid. [demonic ancestry]
  2447 | D:3      | Reached XP level 5. HP: 18/40 MP: 5/7
  2485 | D:3      | Reached XP level 6. HP: 30/46 MP: 8/8
  2581 | D:3      | Reached skill level 1 in Stealth
  2665 | D:3      | Gained mutation: You are dopey. (Int -2) [potion of
                  | mutation]
  2665 | D:3      | Lost mutation: You are dopey. (Int -2) [potion of mutation]
  2665 | D:3      | Gained mutation: You are agile. (Dex +4, Str/Int -1)
                  | [potion of mutation]
  2752 | D:3      | Found a glowing drain.
  2759 | Sewer    | Entered a sewer
  3544 | D:3      | Noticed Natasha
  3550 | D:3      | Killed Natasha
  3675 | D:3      | Noticed Grinder
  3697 | D:3      | Paralysed by Grinder for 5 turns
  3706 | D:3      | Paralysed by Grinder for 5 turns
  3744 | D:3      | Paralysed by Grinder for 2 turns
  3750 | D:3      | Killed Grinder
  3751 | D:3      | Reached skill level 5 in Maces & Flails
  3751 | D:3      | Gained mutation: You have a pair of small antennae on your
                  | head. [demonic ancestry]
  3751 | D:3      | Reached XP level 7. HP: 41/52 MP: 9/11
  4084 | D:3      | Noticed Natasha
  4085 | D:3      | Found a large runed translucent door.
  4085 | D:3      | Found a large runed translucent door.
  4086 | D:3      | Noticed innerfire43's ghost (weakling DsMo)
  4105 | D:3      | Killed Natasha
  4320 | D:3      | Noticed Natasha
  4328 | D:3      | Killed Natasha
  4483 | D:3      | Killed innerfire43's ghost
  4804 | D:4      | Identified the +0 robe "Tuaw" {+Inv}
  5422 | D:4      | Found an iron altar of Okawaru.
  5676 | D:5      | Entered Level 5 of the Dungeon
  5748 | D:5      | You fall into a shaft and drop 1 floor!
  5748 | D:6      | Found a sparkling altar of Nemelex Xobeh.
  6438 | D:6      | Splashed by a jelly's acid

Illustrated notes

Levels and vault maps discovered:
D:1:      dpeg_arrival_morbid_curiosity, layout_basic, serial_shops,
          nicolae_shop_tiny_glass, minmay_pentomino_t2
D:2:      layout_loops_ring, serial_aquarium, aquarium_bridge_square
          [aquarium_subvault_bridge, aquarium_subvault_bridge,
          aquarium_subvault_window, aquarium_subvault_wall], aquarium_window_1,
          aquarium_window_fake, aquarium_window_1, aquarium_view_2d,
          aquarium_pool_2, uniq_jessica
D:3:      layout_basic, gup_sewer_entry_spiral, ebering_ghost_disaster_area,
          uniq_natasha, uniq_grinder, uniq_robin, uniq_sigmund
D:4:      layout_basic, okawaru_altar_gauntlet_db
D:5:      layout_basic, serial_shops, nicolae_book_shop_shelving
D:6:      layout_cave_pods, nemelex_spade_bored_becter

Skill      XL: |  1  2  3  4  5  6  7 |
---------------+----------------------+-----
Maces & Flails | 3 4 5 |  5.6
Dodging        | 3 |  3.8
Armour         | 1 2 |  2.8
Spellcasting   | 1 2 3 |  3.2
Stealth        | 1 2 |  2.0
Fighting       | 3 |  3.8
Throwing       | |  1.7
Unarmed Combat | |  0.1

Action                     |  1- 3 |  4- 6 |  7- 9 || total
---------------------------+-------+-------+-------++-------
  Melee: Flail             |   107 |   240 |   150 ||   497
         Punch             |       |     5 |       ||     5
         Unarmed           |       |       |    18 ||    18
    Use: Scroll            |       |    12 |       ||    12
         Potion            |       |     3 |     1 ||     4
   Stab: Sleeping          |       |     6 |     2 ||     8
         Distracted        |       |     1 |       ||     1
 Armour: Leather armour    |    49 |    43 |    26 ||   118
         Skin              |       |    23 |       ||    23
  Dodge: Dodged            |    92 |   161 |   135 ||   388

Table legend: (Time is in decaauts)
 A = Elapsed time spent in this place.
 B = Non-inter-level travel time spent in this place.
 C = Inter-level travel time spent in this place.
 D = Time resting spent in this place.
 E = Time spent auto-exploring this place.
 F = Levels seen in this place.
 G = Mean time per level.
                   A        B        C        D        E       F      G
               +--------+--------+--------+--------+--------+-----+--------+
         Total |   6611 |   6304 |    307 |    353 |   4439 |   7 |  944.4 |
       Dungeon |   6044 |   5737 |    307 |    353 |   4022 |   6 | 1007.3 |
         Sewer |    567 |    567 |      0 |      0 |    417 |   1 |  567.0 |
               +--------+--------+--------+--------+--------+-----+--------+

Top non-repeatable levels by time:
     D:3: 1816 daAuts
     D:1: 1636 daAuts
     D:4: 1054 daAuts
     D:2: 769 daAuts
     D:6: 695 daAuts
   Sewer: 567 daAuts
     D:5: 71 daAuts
